Boston Bruins vs Winnipeg Jets
Created - Sunday, October 19, 2025 at 10:41
Goals
|
| Boston Bruins |
0 |
2 |
0 |
0 |
2 |
3 |
| Winnipeg Jets |
1 |
0 |
1 |
0 |
1 |
2 |
|
Shots
|
| Boston Bruins |
8 |
14 |
6 |
0 |
3 |
28 |
| Winnipeg Jets |
19 |
6 |
11 |
0 |
3 |
36 |
|
1st period
1. Winnipeg Jets , Nate Schmidt 2 (Adam Lowry 33, Alexander Kerfoot 23) at 16:25
Penalties :
Joel Armia (WPG) for Delaying the game (Minor) at 1:43, Victor Mancini (BOS) for Delaying the game (Minor) at 5:00, Ryan Strome (BOS) for Tripping (Minor) at 12:35
2nd period
2. Boston Bruins , Vladimir Tarasenko 24 (Maxim Tsyplakov 32, Ryan Strome 36) at 11:46 (PP)
3. Boston Bruins , Beck Malenstyn 4 (Taylor Raddysh 11, Sam Colangelo 8) at 18:21
Penalties :
Ryan Strome (BOS) for High sticking (Minor) at 8:46, Michael Kesselring (WPG) for Goalie Interference (Minor) at 11:38
3rd period
4. Winnipeg Jets , Alexander Kerfoot 19 (Ridly Greig 22, Adam Lowry 34) at 13:34 (PP)
Penalties :
Oliver Ekman-Larsson (WPG) for Roughing (Minor) at 0:54, Maxim Tsyplakov (BOS) for Cross-checking (Minor) at 5:45, Jake Neighbours (BOS) for Slashing (Minor) at 13:19, Taylor Hall (WPG) for Roughing (Minor) at 16:24
Overtime #1
No Goal
Penalties :
No Penalty
Shootout
Boston Bruins, Viktor Arvidsson - Goal!
Winnipeg Jets, Mikael Backlund - Stopped by Leevi Merilainen
Boston Bruins, Jake Neighbours - Shot Misses the Net
Winnipeg Jets, Jason Zucker - Goal!
Boston Bruins, Alex Laferriere - Goal!
Winnipeg Jets, Adam Lowry - Shot Misses the Net
Penalties :
No Penalty
Goalie Stats
Leevi Merilainen (BOS), 34 saves from 36 shots - (0.944), W, 12-8-1, 65:00 minutes
Dustin Wolf (WPG), 26 saves from 28 shots - (0.929), OTL, 13-17-4, 65:00 minutes
Players Stats for Boston Bruins
Player Name G A P +/- PIM S H SB GA TA FO MP PP MP PK MP
------------------------------------------------------------------------------------
Adam Wilsby 0 0 0 0 0 1 0 2 0 1 0/0 16:08 0:00 4:05
Alex Laferriere 0 0 0 0 0 1 1 1 0 0 0/4 21:09 2:58 3:27
Beck Malenstyn 1 0 1 1 0 1 2 0 0 0 0/0 9:48 0:00 0:00
Jaden Schwartz 0 0 0 0 0 0 1 1 0 0 9/20 16:51 2:58 0:52
Jake Neighbours 0 0 0 0 2 3 1 2 0 0 0/2 21:01 2:53 3:55
Joel Farabee 0 0 0 -1 0 3 0 0 0 1 0/2 15:32 0:00 0:30
John Marino 0 0 0 0 0 0 0 1 0 2 0/0 24:08 2:59 4:20
Mark Kastelic 0 0 0 -1 0 2 1 0 0 0 1/2 11:43 0:00 0:00
Maxim Tsyplakov 0 1 1 0 2 6 0 0 0 0 0/2 13:51 3:07 0:00
Rasmus Sandin 0 0 0 0 0 1 2 0 0 0 0/0 29:00 2:59 4:06
Ryan Strome 0 1 1 0 4 4 2 0 1 0 10/14 18:28 3:07 1:37
Sam Colangelo 0 1 1 1 0 2 2 0 0 0 2/8 10:55 0:05 0:00
Taylor Raddysh 0 1 1 1 0 0 0 0 0 0 0/0 9:48 0:00 0:00
Ty Emberson 0 0 0 0 0 1 0 3 0 2 0/0 28:17 3:06 3:51
Urho Vaakanainen 0 0 0 0 0 0 0 1 1 1 0/0 16:27 3:06 0:00
Victor Mancini 0 0 0 0 2 1 0 1 0 0 0/0 16:04 0:00 0:00
Viktor Arvidsson 0 0 0 -1 0 1 2 0 0 0 0/0 14:52 0:00 2:09
Vladimir Tarasenko 1 0 1 0 0 1 0 0 1 1 1/8 17:42 3:07 3:52
Players Stats for Winnipeg Jets
Player Name G A P +/- PIM S H SB GA TA FO MP PP MP PK MP
------------------------------------------------------------------------------------
Adam Lowry 0 2 2 0 0 2 3 1 1 0 13/19 20:30 4:03 2:58
Alexander Kerfoot 1 1 2 0 0 10 0 0 1 0 1/1 16:02 4:03 0:00
Alexis Lafreniere 0 0 0 0 0 0 1 0 2 0 0/0 9:13 0:00 0:00
Connor Bedard 0 0 0 0 0 5 0 1 1 0 0/3 21:17 4:02 3:00
Derek Forbort 0 0 0 0 0 3 2 2 0 0 0/0 27:02 4:14 3:07
Haydn Fleury 0 0 0 0 0 0 0 3 0 0 0/0 18:42 4:14 0:37
Jason Zucker 0 0 0 0 0 4 2 0 0 0 0/1 21:35 3:54 3:01
Joel Armia 0 0 0 0 2 0 1 0 0 0 1/1 9:54 0:14 0:00
Matvei Michkov 0 0 0 0 0 0 1 0 2 0 0/1 13:36 0:00 0:10
Michael Kesselring 0 0 0 0 2 0 0 3 0 1 0/0 18:47 0:00 3:09
Mikael Backlund 0 0 0 0 0 3 0 0 0 0 16/26 21:35 3:54 3:01
Nate Schmidt 1 0 1 0 0 3 0 2 0 0 0/0 26:16 3:57 3:14
Nino Niederreiter 0 0 0 0 0 0 2 0 0 0 1/2 8:25 0:00 0:00
Oliver Ekman-Larsson 0 0 0 0 2 0 3 3 0 0 0/0 23:48 3:57 2:03
Ridly Greig 0 1 1 0 0 3 1 0 0 0 1/1 15:38 4:09 0:00
Sean Durzi 0 0 0 0 0 1 0 0 0 1 0/0 15:23 0:00 0:00
Taylor Hall 0 0 0 0 2 2 0 1 1 0 0/0 13:51 0:14 0:00
Vladislav Namestnikov 0 0 0 0 0 0 1 1 0 1 6/7 12:17 0:00 0:00
3 Stars
1 - Leevi Merilainen (BOS)
2 - Beck Malenstyn (BOS)
3 - Alexander Kerfoot (WPG)
Power Play
Boston Bruins - 1 on 4 Attempt(s) - 25.00%
Winnipeg Jets - 1 on 5 Attempt(s) - 20.00%
Penalty Kill
Boston Bruins - 4 on 5 Attempt(s) - 80.00%
- Score 0 goal in Penalty Kill
Winnipeg Jets - 3 on 4 Attempt(s) - 75.00%
- Score 0 goal in Penalty Kill
Team Stat
Boston Bruins - Hits : 14 - Faceoff Wins : 23 - Blocked Shots : 12 - Penalty Minutes : 10
Winnipeg Jets - Hits : 17 - Faceoff Wins : 39 - Blocked Shots : 17 - Penalty Minutes : 8
Official
Referees : Marc Joannette and Jon Mcisaac
Linesman : Mitchell Hunt and Mark Shewchyk
Game Notes
No Game Note
Finance
Level 1 -- Attendance: 5043 (84.05%) -- Ticket Income $463,956
Level 2 -- Attendance: 5000 (100.00%) -- Ticket Income $275,000
Level 3 -- Attendance: 2654 (88.47%) -- Ticket Income $79,620
Level 4 -- Attendance: 4355 (87.10%) -- Ticket Income $95,810
Luxury Box -- Attendance: 920 (92.00%) -- Ticket Income $174,800
Game was played at the MTS Centre.
Total Attendance: 17972 (89.86%)
Total Ticket Income: $1,089,186
Other Income: $381,215
Total Income: $1,470,401
Boston Bruins
5 vs 5 Forward
Center Left Wing Right Wing Time % Phy DF OF
1 Jaden Schwartz Jake Neighbours Alex Laferriere 30 1 2 2
2 Ryan Strome Vladimir Tarasenko Maxim Tsyplakov 30 1 2 2
3 Mark Kastelic Joel Farabee Viktor Arvidsson 25 1 2 2
4 Sam Colangelo Beck Malenstyn Taylor Raddysh 15 1 2 2
5 vs 5 Defense
Defense Defense Time % Phy DF OF
1 Victor Mancini Ty Emberson 30 1 2 2
2 Rasmus Sandin John Marino 30 1 2 2
3 Urho Vaakanainen Adam Wilsby 25 1 2 2
4 Rasmus Sandin Ty Emberson 15 1 2 2
PowerPlay Forward
Center Left Wing Right Wing Time % Phy DF OF
1 Jaden Schwartz Jake Neighbours Alex Laferriere 50 1 2 2
2 Ryan Strome Vladimir Tarasenko Maxim Tsyplakov 50 1 2 2
PowerPlay Defense
Defense Defense Time % Phy DF OF
1 Urho Vaakanainen Ty Emberson 50 1 2 2
2 Rasmus Sandin John Marino 50 1 2 2
Penalty Kill 4 Players Forward
Center Wing Time % Phy DF OF
1 Vladimir Tarasenko Jake Neighbours 50 1 2 2
2 Alex Laferriere Ryan Strome 50 1 2 2
Penalty Kill 4 Players Defense
Defense Defense Time % Phy DF OF
1 Adam Wilsby Ty Emberson 50 1 2 2
2 Rasmus Sandin John Marino 50 1 2 2
Penalty Kill - 3 Players Forward
Forward Time % Phy DF OF
1 Alex Laferriere 50 1 2 2
2 Jake Neighbours 50 1 2 2
Penalty Kill - 3 Players Defense
Defense Defense Time % Phy DF OF
1 Urho Vaakanainen Ty Emberson 50 1 2 2
2 Rasmus Sandin John Marino 50 1 2 2
4 vs 4 Forward
Center Wing Time % Phy DF OF
1 Joel Farabee Jake Neighbours 50 1 2 2
2 Alex Laferriere Ryan Strome 50 1 2 2
4 vs 4 Defense
Defense Defense Time % Phy DF OF
1 Victor Mancini Ty Emberson 50 1 2 2
2 Rasmus Sandin John Marino 50 1 2 2
Last Minutes Offensive
Center Left Wing Right Wing Defense Defense
Jaden Schwartz Jake Neighbours Alex Laferriere Victor Mancini Ty Emberson
Last Minutes Defensive
Center Left Wing Right Wing Defense Defense
Jaden Schwartz Jake Neighbours Alex Laferriere Victor Mancini Ty Emberson
Goaltenders
Starting : Leevi Merilainen
Backup : Petr Mrazek
Extra Forwards
Normal : Sam Colangelo, Joel Farabee, Viktor Arvidsson - PP : Sam Colangelo, Joel Farabee - PK : Viktor Arvidsson
Extra Defensemen
Normal : Urho Vaakanainen, Adam Wilsby, Rasmus Sandin - PP : Urho Vaakanainen - PK : Adam Wilsby, Rasmus Sandin
Penalty Shots
Viktor Arvidsson, Jake Neighbours, Alex Laferriere, Ryan Strome, Vladimir Tarasenko
Scratches
Aatu Raty (Healthy), Samuel Girard (Healthy), Fabian Lysell (Healthy), Sam Morton (Healthy), Jakob Pelletier (Healthy)
Winnipeg Jets
5 vs 5 Forward
Center Left Wing Right Wing Time % Phy DF OF
1 Mikael Backlund Jason Zucker Connor Bedard 30 1 2 2
2 Adam Lowry Ridly Greig Alexander Kerfoot 30 1 2 2
3 Vladislav Namestnikov Taylor Hall Matvei Michkov 25 1 2 2
4 Nino Niederreiter Alexis Lafreniere Joel Armia 15 1 2 2
5 vs 5 Defense
Defense Defense Time % Phy DF OF
1 Oliver Ekman-Larsson Michael Kesselring 35 1 2 2
2 Nate Schmidt Derek Forbort 35 1 2 2
3 Sean Durzi Haydn Fleury 30 1 2 2
4 Oliver Ekman-Larsson Nate Schmidt 0 1 2 2
PowerPlay Forward
Center Left Wing Right Wing Time % Phy DF OF
1 Mikael Backlund Jason Zucker Connor Bedard 50 1 2 2
2 Adam Lowry Ridly Greig Alexander Kerfoot 50 1 2 2
PowerPlay Defense
Defense Defense Time % Phy DF OF
1 Oliver Ekman-Larsson Nate Schmidt 50 1 2 2
2 Haydn Fleury Derek Forbort 50 1 2 2
Penalty Kill 4 Players Forward
Center Wing Time % Phy DF OF
1 Mikael Backlund Jason Zucker 50 1 2 2
2 Adam Lowry Connor Bedard 50 1 2 2
Penalty Kill 4 Players Defense
Defense Defense Time % Phy DF OF
1 Oliver Ekman-Larsson Michael Kesselring 50 1 2 2
2 Nate Schmidt Derek Forbort 50 1 2 2
Penalty Kill - 3 Players Forward
Forward Time % Phy DF OF
1 Mikael Backlund 50 1 2 2
2 Jason Zucker 50 1 2 2
Penalty Kill - 3 Players Defense
Defense Defense Time % Phy DF OF
1 Oliver Ekman-Larsson Haydn Fleury 50 1 2 2
2 Nate Schmidt Derek Forbort 50 1 2 2
4 vs 4 Forward
Center Wing Time % Phy DF OF
1 Mikael Backlund Jason Zucker 50 1 2 2
2 Adam Lowry Connor Bedard 50 1 2 2
4 vs 4 Defense
Defense Defense Time % Phy DF OF
1 Oliver Ekman-Larsson Nate Schmidt 50 1 2 2
2 Sean Durzi Derek Forbort 50 1 2 2
Last Minutes Offensive
Center Left Wing Right Wing Defense Defense
Mikael Backlund Jason Zucker Connor Bedard Oliver Ekman-Larsson Michael Kesselring
Last Minutes Defensive
Center Left Wing Right Wing Defense Defense
Mikael Backlund Jason Zucker Connor Bedard Oliver Ekman-Larsson Michael Kesselring
Goaltenders
Starting : Dustin Wolf
Backup : Jonas Johansson
Extra Forwards
Normal : Joel Armia, Taylor Hall, Matvei Michkov - PP : Joel Armia, Taylor Hall - PK : Matvei Michkov
Extra Defensemen
Normal : Derek Forbort, Oliver Ekman-Larsson, Nate Schmidt - PP : Oliver Ekman-Larsson - PK : Derek Forbort, Oliver Ekman-Larsson
Penalty Shots
Mikael Backlund, Jason Zucker, Adam Lowry, Connor Bedard, Ridly Greig
Scratches
Sam Steel (Healthy), Barclay Goodrow (Healthy), Dylan Samberg (Healthy), Eric Comrie (Healthy)
% Time on Ice - Boston Bruins
Lines # - Real PCT - Wanted PCT - Time Play
Normal Forward
1 - 28% - 30% - 12:39
2 - 25% - 30% - 11:34
3 - 26% - 25% - 11:43
4 - 21% - 15% - 9:48
Normal Defense
1 - 31% - 30% - 14:23
2 - 32% - 30% - 14:46
3 - 25% - 25% - 11:29
4 - 11% - 15% - 5:06
PP Forward
1 - 49% - 50% - 2:58
2 - 51% - 50% - 3:07
PP Defense
1 - 51% - 50% - 3:06
2 - 49% - 50% - 2:59
PK Forward
1 - 47% - 50% - 3:52
2 - 53% - 50% - 4:19
PK Defense
1 - 47% - 50% - 3:51
2 - 53% - 50% - 4:20
PK3 Forward
1 - 0% - 50%
2 - 0% - 50%
PK3 Defense
1 - 0% - 50%
2 - 0% - 50%
44 Forward
1 - 49% - 50% - 2:28
2 - 51% - 50% - 2:32
44 Defense
1 - 51% - 50% - 2:32
2 - 49% - 50% - 2:28
Last Minute Offensive - 0:00
Last Minute Defensive - 0:00
Total
Forward - 65:00
Defense - 65:00
|
% Time on Ice - Winnipeg Jets
Lines # - Real PCT - Wanted PCT - Time Play
Normal Forward
1 - 30% - 30% - 13:32
2 - 25% - 30% - 11:30
3 - 27% - 25% - 12:17
4 - 18% - 15% - 8:25
Normal Defense
1 - 36% - 35% - 16:21
2 - 35% - 35% - 16:11
3 - 28% - 30% - 12:54
4 - 1% - 0% - 0:18
PP Forward
1 - 49% - 50% - 4:02
2 - 51% - 50% - 4:09
PP Defense
1 - 48% - 50% - 3:57
2 - 52% - 50% - 4:14
PK Forward
1 - 50% - 50% - 3:01
2 - 50% - 50% - 3:04
PK Defense
1 - 53% - 50% - 3:12
2 - 47% - 50% - 2:53
PK3 Forward
1 - 0% - 50%
2 - 0% - 50%
PK3 Defense
1 - 0% - 50%
2 - 0% - 50%
44 Forward
1 - 49% - 50% - 2:26
2 - 51% - 50% - 2:34
44 Defense
1 - 52% - 50% - 2:36
2 - 48% - 50% - 2:24
Last Minute Offensive - 0:00
Last Minute Defensive - 0:00
Total
Forward - 65:00
Defense - 65:00
|
Play-by-Play
1st period
0:01 of 1st period - Jaden Schwartz wins face-off versus Mikael Backlund in neutral zone.
0:56 of 1st period - Joel Farabee is hit by Vladislav Namestnikov and loses puck.
1:18 of 1st period - Icing by Sean Durzi.
1:19 of 1st period - Sam Colangelo wins face-off versus Nino Niederreiter in Winnipeg Jets zone.
1:43 of 1st period - Minor Penalty to Joel Armia for Delaying the game.
1:44 of 1st period - Mikael Backlund wins face-off versus Jaden Schwartz in Winnipeg Jets zone.
1:50 of 1st period - Snap shot by Jake Neighbours.
1:50 of 1st period - Shot Misses the Net.
1:52 of 1st period - Snap shot by Alex Laferriere.
1:52 of 1st period - Stopped by Dustin Wolf with a rebound.
1:54 of 1st period - Wrist shot by Alex Laferriere.
1:54 of 1st period - Shot Misses the Net.
2:10 of 1st period - Urho Vaakanainen is hit by Adam Lowry and loses puck.
2:19 of 1st period - Snap shot by Adam Lowry.
2:19 of 1st period - Deflect By Connor Bedard.
2:19 of 1st period - Stopped by Leevi Merilainen with a rebound.
3:43 of 1st period - Penalty to Joel Armia is over, Joel Armia is back on ice.
4:24 of 1st period - Beck Malenstyn is hit by Oliver Ekman-Larsson and loses puck.
5:00 of 1st period - Minor Penalty to Victor Mancini for Delaying the game.
5:01 of 1st period - Mikael Backlund wins face-off versus Vladimir Tarasenko in Boston Bruins zone.
7:00 of 1st period - Penalty to Victor Mancini is over, Victor Mancini is back on ice.
7:20 of 1st period - Oliver Ekman-Larsson is hit by Beck Malenstyn and loses puck.
7:33 of 1st period - Haydn Fleury is hit by Viktor Arvidsson and loses puck.
7:42 of 1st period - Adam Wilsby is hit by Alexis Lafreniere and loses puck.
7:53 of 1st period - Connor Bedard is hit by Alex Laferriere and loses puck.
8:12 of 1st period - Michael Kesselring is hit by Jake Neighbours and loses puck.
8:41 of 1st period - Sean Durzi is hit by Mark Kastelic and loses puck.
8:58 of 1st period - Slapshot by Joel Farabee.
8:58 of 1st period - Shot Misses the Net.
9:00 of 1st period - Wrist shot by Maxim Tsyplakov.
9:00 of 1st period - Stopped by Dustin Wolf without a rebound.
9:01 of 1st period - Ryan Strome wins face-off versus Mikael Backlund in Winnipeg Jets zone.
9:08 of 1st period - Wrist shot by Ryan Strome.
9:08 of 1st period - Stopped by Dustin Wolf with a rebound.
10:11 of 1st period - Ryan Strome is hit by Jason Zucker.
10:27 of 1st period - John Marino is hit by Adam Lowry.
10:32 of 1st period - Icing by Beck Malenstyn.
10:33 of 1st period - Adam Lowry wins face-off versus Sam Colangelo in Boston Bruins zone.
10:34 of 1st period - Snap shot by Alexander Kerfoot.
10:34 of 1st period - Deflect By John Marino.
10:34 of 1st period - Shot Misses the Net.
10:34 of 1st period - Puck is out of play.
10:35 of 1st period - Adam Lowry wins face-off versus Jaden Schwartz in Boston Bruins zone.
10:40 of 1st period - Snap shot by Alexander Kerfoot.
10:40 of 1st period - Shot Misses the Net.
10:42 of 1st period - Wrist shot by Ridly Greig.
10:42 of 1st period - Stopped by Leevi Merilainen with a rebound.
10:44 of 1st period - Snap shot by Alexander Kerfoot.
10:44 of 1st period - Stopped by Leevi Merilainen without a rebound.
10:45 of 1st period - Mikael Backlund wins face-off versus Jaden Schwartz in Boston Bruins zone.
10:46 of 1st period - Wrist shot by Connor Bedard.
10:46 of 1st period - Shot Misses the Net.
10:48 of 1st period - Backhand shot by Derek Forbort.
10:48 of 1st period - Stopped by Leevi Merilainen with a rebound.
10:50 of 1st period - Snap shot by Nate Schmidt.
10:50 of 1st period - Shot Misses the Net.
10:52 of 1st period - Slapshot by Nate Schmidt.
10:52 of 1st period - Stopped by Leevi Merilainen without a rebound.
10:53 of 1st period - Ryan Strome wins face-off versus Connor Bedard in Boston Bruins zone.
11:00 of 1st period - Snap shot by Maxim Tsyplakov.
11:00 of 1st period - Stopped by Dustin Wolf without a rebound.
11:01 of 1st period - Ryan Strome wins face-off versus Mikael Backlund in Winnipeg Jets zone.
11:06 of 1st period - Snap shot by Maxim Tsyplakov.
11:06 of 1st period - Stopped by Dustin Wolf with a rebound.
11:26 of 1st period - Jaden Schwartz is hit by Derek Forbort and loses puck.
11:31 of 1st period - Snap shot by Adam Lowry.
11:31 of 1st period - Deflect By Alexander Kerfoot.
11:31 of 1st period - Stopped by Leevi Merilainen with a rebound.
11:33 of 1st period - Snap shot by Alexander Kerfoot.
11:33 of 1st period - Shot Blocked by Ty Emberson.
11:35 of 1st period - Slapshot by Oliver Ekman-Larsson.
11:35 of 1st period - Shot Blocked by Jaden Schwartz.
11:37 of 1st period - Wrist shot by Adam Lowry.
11:37 of 1st period - Shot Blocked by Jake Neighbours.
12:33 of 1st period - Slapshot by Mikael Backlund.
12:33 of 1st period - Shot Misses the Net.
12:35 of 1st period - Minor Penalty to Ryan Strome for Tripping.
12:36 of 1st period - Ridly Greig wins face-off versus Vladimir Tarasenko in Boston Bruins zone.
12:49 of 1st period - Wrist shot by Alexander Kerfoot.
12:49 of 1st period - Stopped by Leevi Merilainen without a rebound.
12:50 of 1st period - Mikael Backlund wins face-off versus Alex Laferriere in Boston Bruins zone.
12:55 of 1st period - Slapshot by Mikael Backlund.
12:55 of 1st period - Stopped by Leevi Merilainen with a rebound.
12:57 of 1st period - Wrist shot by Mikael Backlund.
12:57 of 1st period - Stopped by Leevi Merilainen without a rebound.
12:58 of 1st period - Mikael Backlund wins face-off versus Jake Neighbours in Boston Bruins zone.
13:49 of 1st period - Wrist shot by Connor Bedard.
13:49 of 1st period - Deflect By Jason Zucker.
13:49 of 1st period - Shot Misses the Net.
13:49 of 1st period - Puck is out of play.
13:50 of 1st period - Adam Lowry wins face-off versus Alex Laferriere in Boston Bruins zone.
13:53 of 1st period - Snap shot by Alexander Kerfoot.
13:53 of 1st period - Stopped by Leevi Merilainen with a rebound.
13:55 of 1st period - Snap shot by Alexander Kerfoot.
13:55 of 1st period - Stopped by Leevi Merilainen with a rebound.
13:57 of 1st period - Snap shot by Alexander Kerfoot.
13:57 of 1st period - Shot Misses the Net.
13:59 of 1st period - Wrist shot by Alexander Kerfoot.
13:59 of 1st period - Stopped by Leevi Merilainen with a rebound.
14:01 of 1st period - Slapshot by Derek Forbort.
14:01 of 1st period - Stopped by Leevi Merilainen without a rebound.
14:02 of 1st period - Adam Lowry wins face-off versus Vladimir Tarasenko in Boston Bruins zone.
14:09 of 1st period - Slapshot by Adam Lowry.
14:09 of 1st period - Stopped by Leevi Merilainen with a rebound.
14:11 of 1st period - Wrist shot by Ridly Greig.
14:11 of 1st period - Stopped by Leevi Merilainen without a rebound.
14:12 of 1st period - Adam Lowry wins face-off versus Vladimir Tarasenko in Boston Bruins zone.
14:21 of 1st period - Snap shot by Ridly Greig.
14:21 of 1st period - Shot Blocked by Jake Neighbours.
14:35 of 1st period - Penalty to Ryan Strome is over, Ryan Strome is back on ice.
14:43 of 1st period - Snap shot by Alexander Kerfoot.
14:43 of 1st period - Stopped by Leevi Merilainen without a rebound.
14:44 of 1st period - Jaden Schwartz wins face-off versus Mikael Backlund in Boston Bruins zone.
14:53 of 1st period - Backhand shot by Jason Zucker.
14:53 of 1st period - Stopped by Leevi Merilainen with a rebound.
14:55 of 1st period - Wrist shot by Oliver Ekman-Larsson.
14:55 of 1st period - Shot Misses the Net.
14:57 of 1st period - Snap shot by Michael Kesselring.
14:57 of 1st period - Shot Misses the Net.
15:15 of 1st period - Snap shot by Ryan Strome.
15:15 of 1st period - Shot Blocked by Michael Kesselring.
15:17 of 1st period - Slapshot by Maxim Tsyplakov.
15:17 of 1st period - Stopped by Dustin Wolf with a rebound.
15:19 of 1st period - Backhand shot by Rasmus Sandin.
15:19 of 1st period - Shot Misses the Net.
15:21 of 1st period - Slapshot by Ryan Strome.
15:21 of 1st period - Stopped by Dustin Wolf with a rebound.
15:38 of 1st period - Icing by Michael Kesselring.
15:39 of 1st period - Alexander Kerfoot wins face-off versus Jaden Schwartz in Winnipeg Jets zone.
16:11 of 1st period - Slapshot by Adam Lowry.
16:11 of 1st period - Shot Misses the Net.
16:13 of 1st period - Snap shot by Alexander Kerfoot.
16:13 of 1st period - Shot Misses the Net.
16:15 of 1st period - Slapshot by Nate Schmidt.
16:15 of 1st period - Shot Misses the Net.
16:17 of 1st period - Slapshot by Nate Schmidt.
16:17 of 1st period - Shot Blocked by Urho Vaakanainen.
16:23 of 1st period - Slapshot by Alexander Kerfoot.
16:23 of 1st period - Deflect By Adam Lowry.
16:23 of 1st period - Stopped by Leevi Merilainen with a rebound.
16:25 of 1st period - Slapshot by Nate Schmidt.
16:25 of 1st period - Goal by Nate Schmidt - Boston Bruins : 0 - Winnipeg Jets : 1.
16:26 of 1st period - Mikael Backlund wins face-off versus Ryan Strome in neutral zone.
16:33 of 1st period - Snap shot by Maxim Tsyplakov.
16:33 of 1st period - Stopped by Dustin Wolf with a rebound.
16:56 of 1st period - Wrist shot by Jaden Schwartz.
16:56 of 1st period - Shot Blocked by Nate Schmidt.
17:16 of 1st period - Snap shot by Ridly Greig.
17:16 of 1st period - Shot Blocked by Ty Emberson.
17:18 of 1st period - Wrist shot by Alexander Kerfoot.
17:18 of 1st period - Shot Misses the Net.
17:20 of 1st period - Snap shot by Alexander Kerfoot.
17:20 of 1st period - Shot Misses the Net.
18:02 of 1st period - Snap shot by Ryan Strome.
18:02 of 1st period - Shot Misses the Net.
18:15 of 1st period - Icing by John Marino.
18:16 of 1st period - Vladislav Namestnikov wins face-off versus Jaden Schwartz in Boston Bruins zone.
19:26 of 1st period - Slapshot by Alex Laferriere.
19:26 of 1st period - Shot Blocked by Taylor Hall.
19:28 of 1st period - Slapshot by John Marino.
19:28 of 1st period - Shot Blocked by Oliver Ekman-Larsson.
19:30 of 1st period - Snap shot by John Marino.
19:30 of 1st period - Shot Blocked by Oliver Ekman-Larsson.
19:32 of 1st period - Slapshot by Rasmus Sandin.
19:32 of 1st period - Shot Blocked by Vladislav Namestnikov.
19:34 of 1st period - Slapshot by Rasmus Sandin.
19:34 of 1st period - Shot Misses the Net.
19:36 of 1st period - Backhand shot by Jake Neighbours.
19:36 of 1st period - Shot Misses the Net.
19:53 of 1st period - Snap shot by Taylor Hall.
19:53 of 1st period - Deflect By Matvei Michkov.
19:53 of 1st period - Shot Misses the Net.
19:53 of 1st period - Puck is out of play.
19:54 of 1st period - Mikael Backlund wins face-off versus Ryan Strome in Boston Bruins zone.
Goals for this period are 0 for Boston Bruins vs 1 for Winnipeg Jets.
Shots for this period are 8 for Boston Bruins vs 19 for Winnipeg Jets.
2nd period
0:01 of 2nd period - Ryan Strome wins face-off versus Mikael Backlund in neutral zone.
0:25 of 2nd period - Viktor Arvidsson is hit by Derek Forbort and loses puck.
2:06 of 2nd period - Slapshot by Alexander Kerfoot.
2:06 of 2nd period - Shot Misses the Net.
2:08 of 2nd period - Wrist shot by Alexander Kerfoot.
2:08 of 2nd period - Shot Misses the Net.
2:27 of 2nd period - Snap shot by Alex Laferriere.
2:27 of 2nd period - Shot Blocked by Oliver Ekman-Larsson.
2:29 of 2nd period - Snap shot by Jake Neighbours.
2:29 of 2nd period - Shot Blocked by Michael Kesselring.
2:31 of 2nd period - Snap shot by Adam Wilsby.
2:31 of 2nd period - Deflect By Nino Niederreiter.
2:31 of 2nd period - Stopped by Dustin Wolf without a rebound.
2:32 of 2nd period - Mikael Backlund wins face-off versus Maxim Tsyplakov in Winnipeg Jets zone.
2:39 of 2nd period - Wrist shot by Mikael Backlund.
2:39 of 2nd period - Shot Misses the Net.
2:59 of 2nd period - Alexander Kerfoot is hit by Viktor Arvidsson and loses puck.
3:27 of 2nd period - Ridly Greig is hit by Sam Colangelo and loses puck.
3:50 of 2nd period - Wrist shot by Jake Neighbours.
3:50 of 2nd period - Shot Blocked by Michael Kesselring.
4:08 of 2nd period - Slapshot by Jason Zucker.
4:08 of 2nd period - Shot Misses the Net.
4:54 of 2nd period - Wrist shot by Viktor Arvidsson.
4:54 of 2nd period - Shot Blocked by Haydn Fleury.
4:56 of 2nd period - Snap shot by Mark Kastelic.
4:56 of 2nd period - Stopped by Dustin Wolf with a rebound.
5:02 of 2nd period - Slapshot by Joel Farabee.
5:02 of 2nd period - Stopped by Dustin Wolf with a rebound.
5:10 of 2nd period - Snap shot by Viktor Arvidsson.
5:10 of 2nd period - Stopped by Dustin Wolf with a rebound.
5:12 of 2nd period - Backhand shot by Ty Emberson.
5:12 of 2nd period - Stopped by Dustin Wolf with a rebound.
5:14 of 2nd period - Slapshot by Victor Mancini.
5:14 of 2nd period - Shot Blocked by Haydn Fleury.
5:16 of 2nd period - Snap shot by Mark Kastelic.
5:16 of 2nd period - Stopped by Dustin Wolf without a rebound.
5:17 of 2nd period - Mikael Backlund wins face-off versus Vladimir Tarasenko in Winnipeg Jets zone.
5:28 of 2nd period - Connor Bedard is hit by Ryan Strome and loses puck.
5:48 of 2nd period - Off-side.
5:49 of 2nd period - Adam Lowry wins face-off versus Sam Colangelo in neutral zone.
5:52 of 2nd period - Snap shot by Adam Lowry.
5:52 of 2nd period - Deflect By Alexander Kerfoot.
5:52 of 2nd period - Stopped by Leevi Merilainen with a rebound.
5:54 of 2nd period - Slapshot by Sean Durzi.
5:54 of 2nd period - Deflect By Sam Colangelo.
5:54 of 2nd period - Stopped by Leevi Merilainen with a rebound.
5:56 of 2nd period - Snap shot by Haydn Fleury.
5:56 of 2nd period - Deflect By Alexander Kerfoot.
5:56 of 2nd period - Shot Blocked by Adam Wilsby.
5:56 of 2nd period - Puck is out of play.
5:57 of 2nd period - Ryan Strome wins face-off versus Adam Lowry in Boston Bruins zone.
6:04 of 2nd period - Snap shot by Ryan Strome.
6:04 of 2nd period - Stopped by Dustin Wolf with a rebound.
7:10 of 2nd period - Icing by Vladislav Namestnikov.
7:11 of 2nd period - Vladislav Namestnikov wins face-off versus Sam Colangelo in Winnipeg Jets zone.
8:12 of 2nd period - Wrist shot by Matvei Michkov.
8:12 of 2nd period - Shot Misses the Net.
8:31 of 2nd period - Snap shot by Sam Colangelo.
8:31 of 2nd period - Stopped by Dustin Wolf without a rebound.
8:32 of 2nd period - Ryan Strome wins face-off versus Adam Lowry in Winnipeg Jets zone.
8:46 of 2nd period - Minor Penalty to Ryan Strome for High sticking.
8:47 of 2nd period - Adam Lowry wins face-off versus Alex Laferriere in Boston Bruins zone.
10:46 of 2nd period - Penalty to Ryan Strome is over, Ryan Strome is back on ice.
11:05 of 2nd period - Icing by Joel Farabee.
11:06 of 2nd period - Vladislav Namestnikov wins face-off versus Joel Farabee in Boston Bruins zone.
11:38 of 2nd period - Minor Penalty to Michael Kesselring for Goalie Interference.
11:39 of 2nd period - Ryan Strome wins face-off versus Connor Bedard in Winnipeg Jets zone.
11:44 of 2nd period - Wrist shot by Maxim Tsyplakov.
11:44 of 2nd period - Shot Blocked by Connor Bedard.
11:46 of 2nd period - Snap shot by Vladimir Tarasenko.
11:46 of 2nd period - Goal by Vladimir Tarasenko - Boston Bruins : 1 - Winnipeg Jets : 1.
11:47 of 2nd period - Adam Lowry wins face-off versus Jake Neighbours in neutral zone.
12:19 of 2nd period - Snap shot by Jason Zucker.
12:19 of 2nd period - Stopped by Leevi Merilainen with a rebound.
12:21 of 2nd period - Slapshot by Jason Zucker.
12:21 of 2nd period - Deflect By Connor Bedard.
12:21 of 2nd period - Stopped by Leevi Merilainen with a rebound.
12:23 of 2nd period - Snap shot by Connor Bedard.
12:23 of 2nd period - Shot Misses the Net.
12:45 of 2nd period - Wrist shot by Taylor Hall.
12:45 of 2nd period - Stopped by Leevi Merilainen without a rebound.
12:46 of 2nd period - Jaden Schwartz wins face-off versus Adam Lowry in Boston Bruins zone.
13:35 of 2nd period - Snap shot by Beck Malenstyn.
13:35 of 2nd period - Deflect By Taylor Raddysh.
13:35 of 2nd period - Shot Misses the Net.
13:35 of 2nd period - Puck is out of play.
13:36 of 2nd period - Sam Colangelo wins face-off versus Adam Lowry in Winnipeg Jets zone.
13:44 of 2nd period - Slapshot by Derek Forbort.
13:44 of 2nd period - Shot Blocked by Adam Wilsby.
13:46 of 2nd period - Slapshot by Derek Forbort.
13:46 of 2nd period - Deflect By Adam Wilsby.
13:46 of 2nd period - Stopped by Leevi Merilainen without a rebound.
13:47 of 2nd period - Mikael Backlund wins face-off versus Jaden Schwartz in Boston Bruins zone.
15:04 of 2nd period - Wrist shot by Matvei Michkov.
15:04 of 2nd period - Shot Misses the Net.
15:06 of 2nd period - Wrist shot by Vladislav Namestnikov.
15:06 of 2nd period - Shot Misses the Net.
15:08 of 2nd period - Slapshot by Nate Schmidt.
15:08 of 2nd period - Shot Misses the Net.
16:30 of 2nd period - Snap shot by Oliver Ekman-Larsson.
16:30 of 2nd period - Shot Blocked by Ty Emberson.
16:48 of 2nd period - Snap shot by Jake Neighbours.
16:48 of 2nd period - Stopped by Dustin Wolf with a rebound.
16:50 of 2nd period - Backhand shot by Jake Neighbours.
16:50 of 2nd period - Stopped by Dustin Wolf with a rebound.
17:04 of 2nd period - Snap shot by Alexander Kerfoot.
17:04 of 2nd period - Shot Misses the Net.
17:29 of 2nd period - Urho Vaakanainen is hit by Oliver Ekman-Larsson and loses puck.
17:43 of 2nd period - Icing by Sam Colangelo.
17:44 of 2nd period - Vladislav Namestnikov wins face-off versus Sam Colangelo in Boston Bruins zone.
17:49 of 2nd period - Taylor Hall is hit by Sam Colangelo and loses puck.
18:15 of 2nd period - Snap shot by Sam Colangelo.
18:15 of 2nd period - Shot Blocked by Derek Forbort.
18:17 of 2nd period - Wrist shot by Beck Malenstyn.
18:17 of 2nd period - Shot Blocked by Derek Forbort.
18:19 of 2nd period - Snap shot by Taylor Raddysh.
18:19 of 2nd period - Shot Misses the Net.
18:21 of 2nd period - Wrist shot by Beck Malenstyn.
18:21 of 2nd period - Goal by Beck Malenstyn - Boston Bruins : 2 - Winnipeg Jets : 1.
18:22 of 2nd period - Jaden Schwartz wins face-off versus Jason Zucker in neutral zone.
19:11 of 2nd period - Snap shot by Viktor Arvidsson.
19:11 of 2nd period - Shot Misses the Net.
19:13 of 2nd period - Slapshot by Mark Kastelic.
19:13 of 2nd period - Shot Misses the Net.
19:23 of 2nd period - Rasmus Sandin is hit by Nino Niederreiter and loses puck.
19:44 of 2nd period - Snap shot by Joel Farabee.
19:44 of 2nd period - Shot Misses the Net.
19:46 of 2nd period - Slapshot by Mark Kastelic.
19:46 of 2nd period - Shot Misses the Net.
19:48 of 2nd period - Snap shot by Joel Farabee.
19:48 of 2nd period - Stopped by Dustin Wolf with a rebound.
19:50 of 2nd period - Slapshot by Rasmus Sandin.
19:50 of 2nd period - Shot Blocked by Nate Schmidt.
19:56 of 2nd period - Wrist shot by Joel Farabee.
19:56 of 2nd period - Shot Misses the Net.
19:58 of 2nd period - Snap shot by Rasmus Sandin.
19:58 of 2nd period - Stopped by Dustin Wolf with a rebound.
Goals for this period are 2 for Boston Bruins vs 0 for Winnipeg Jets.
Shots for this period are 14 for Boston Bruins vs 6 for Winnipeg Jets.
3rd period
0:01 of 3rd period - Jaden Schwartz wins face-off versus Mikael Backlund in neutral zone.
0:04 of 3rd period - Slapshot by Jake Neighbours.
0:04 of 3rd period - Stopped by Dustin Wolf with a rebound.
0:26 of 3rd period - Ryan Strome is hit by Ridly Greig and loses puck.
0:31 of 3rd period - Wrist shot by Ridly Greig.
0:31 of 3rd period - Stopped by Leevi Merilainen with a rebound.
0:54 of 3rd period - Minor Penalty to Oliver Ekman-Larsson for Roughing.
0:55 of 3rd period - Mikael Backlund wins face-off versus Maxim Tsyplakov in Winnipeg Jets zone.
1:05 of 3rd period - Snap shot by Ryan Strome.
1:05 of 3rd period - Stopped by Dustin Wolf without a rebound.
1:06 of 3rd period - Adam Lowry wins face-off versus Jaden Schwartz in Winnipeg Jets zone.
1:47 of 3rd period - Adam Lowry is hit by Rasmus Sandin and loses puck.
2:54 of 3rd period - Penalty to Oliver Ekman-Larsson is over, Oliver Ekman-Larsson is back on ice.
3:08 of 3rd period - Snap shot by Matvei Michkov.
3:08 of 3rd period - Shot Misses the Net.
3:27 of 3rd period - Joel Armia is hit by Beck Malenstyn and loses puck.
3:42 of 3rd period - Urho Vaakanainen is hit by Adam Lowry and loses puck.
3:51 of 3rd period - Backhand shot by Adam Lowry.
3:51 of 3rd period - Shot Misses the Net.
4:04 of 3rd period - Off-side.
4:05 of 3rd period - Jaden Schwartz wins face-off versus Vladislav Namestnikov in neutral zone.
4:08 of 3rd period - Taylor Hall is hit by Rasmus Sandin and loses puck.
4:14 of 3rd period - Icing by Nate Schmidt.
4:15 of 3rd period - Vladislav Namestnikov wins face-off versus Ryan Strome in Winnipeg Jets zone.
4:36 of 3rd period - Snap shot by Matvei Michkov.
4:36 of 3rd period - Deflect By Taylor Hall.
4:36 of 3rd period - Stopped by Leevi Merilainen without a rebound.
4:37 of 3rd period - Jaden Schwartz wins face-off versus Mikael Backlund in Boston Bruins zone.
4:52 of 3rd period - Snap shot by Alex Laferriere.
4:52 of 3rd period - Shot Misses the Net.
4:59 of 3rd period - Icing by Sean Durzi.
5:00 of 3rd period - Mark Kastelic wins face-off versus Adam Lowry in Winnipeg Jets zone.
5:03 of 3rd period - Wrist shot by Viktor Arvidsson.
5:03 of 3rd period - Shot Blocked by Haydn Fleury.
5:37 of 3rd period - Snap shot by Connor Bedard.
5:37 of 3rd period - Stopped by Leevi Merilainen with a rebound.
5:39 of 3rd period - Snap shot by Connor Bedard.
5:39 of 3rd period - Stopped by Leevi Merilainen with a rebound.
5:45 of 3rd period - Minor Penalty to Maxim Tsyplakov for Cross-checking.
5:46 of 3rd period - Vladimir Tarasenko wins face-off versus Connor Bedard in Boston Bruins zone.
7:03 of 3rd period - Ryan Strome is hit by Jason Zucker.
7:45 of 3rd period - Penalty to Maxim Tsyplakov is over, Maxim Tsyplakov is back on ice.
8:10 of 3rd period - Slapshot by Rasmus Sandin.
8:10 of 3rd period - Shot Misses the Net.
8:12 of 3rd period - Snap shot by Viktor Arvidsson.
8:12 of 3rd period - Shot Misses the Net.
8:14 of 3rd period - Snap shot by Joel Farabee.
8:14 of 3rd period - Stopped by Dustin Wolf without a rebound.
8:15 of 3rd period - Nino Niederreiter wins face-off versus Mark Kastelic in Winnipeg Jets zone.
8:20 of 3rd period - Viktor Arvidsson is hit by Joel Armia and loses puck.
9:04 of 3rd period - Wrist shot by Joel Farabee.
9:04 of 3rd period - Shot Misses the Net.
9:06 of 3rd period - Slapshot by Victor Mancini.
9:06 of 3rd period - Stopped by Dustin Wolf without a rebound.
9:07 of 3rd period - Mikael Backlund wins face-off versus Jaden Schwartz in Winnipeg Jets zone.
9:20 of 3rd period - Snap shot by Connor Bedard.
9:20 of 3rd period - Stopped by Leevi Merilainen without a rebound.
9:21 of 3rd period - Mikael Backlund wins face-off versus Ryan Strome in Boston Bruins zone.
9:24 of 3rd period - Slapshot by Jason Zucker.
9:24 of 3rd period - Stopped by Leevi Merilainen with a rebound.
9:26 of 3rd period - Snap shot by Jason Zucker.
9:26 of 3rd period - Stopped by Leevi Merilainen with a rebound.
9:34 of 3rd period - Slapshot by Connor Bedard.
9:34 of 3rd period - Shot Misses the Net.
9:36 of 3rd period - Slapshot by Mikael Backlund.
9:36 of 3rd period - Deflect By Ryan Strome.
9:36 of 3rd period - Stopped by Leevi Merilainen with a rebound.
9:38 of 3rd period - Slapshot by Mikael Backlund.
9:38 of 3rd period - Shot Misses the Net.
9:52 of 3rd period - Snap shot by Ridly Greig.
9:52 of 3rd period - Shot Blocked by Victor Mancini.
9:54 of 3rd period - Snap shot by Ridly Greig.
9:54 of 3rd period - Shot Misses the Net.
10:10 of 3rd period - Snap shot by Alexis Lafreniere.
10:10 of 3rd period - Deflect By Joel Armia.
10:10 of 3rd period - Shot Misses the Net.
10:10 of 3rd period - Puck is out of play.
10:11 of 3rd period - Joel Armia wins face-off versus Sam Colangelo in Boston Bruins zone.
10:23 of 3rd period - Off-side.
10:24 of 3rd period - Mikael Backlund wins face-off versus Jaden Schwartz in neutral zone.
10:27 of 3rd period - Wrist shot by Connor Bedard.
10:27 of 3rd period - Shot Misses the Net.
10:29 of 3rd period - Snap shot by Connor Bedard.
10:29 of 3rd period - Shot Blocked by Alex Laferriere.
10:31 of 3rd period - Snap shot by Nate Schmidt.
10:31 of 3rd period - Stopped by Leevi Merilainen without a rebound.
10:32 of 3rd period - Mikael Backlund wins face-off versus Jaden Schwartz in Boston Bruins zone.
10:43 of 3rd period - Snap shot by Mikael Backlund.
10:43 of 3rd period - Deflect By Connor Bedard.
10:43 of 3rd period - Shot Misses the Net.
10:43 of 3rd period - Puck is out of play.
10:44 of 3rd period - Jaden Schwartz wins face-off versus Mikael Backlund in Boston Bruins zone.
10:49 of 3rd period - Nate Schmidt is hit by Jaden Schwartz and loses puck.
11:00 of 3rd period - Wrist shot by Connor Bedard.
11:00 of 3rd period - Shot Misses the Net.
11:12 of 3rd period - Slapshot by Rasmus Sandin.
11:12 of 3rd period - Shot Blocked by Adam Lowry.
11:30 of 3rd period - Wrist shot by Taylor Raddysh.
11:30 of 3rd period - Deflect By Sam Colangelo.
11:30 of 3rd period - Stopped by Dustin Wolf without a rebound.
11:31 of 3rd period - Vladislav Namestnikov wins face-off versus Sam Colangelo in Winnipeg Jets zone.
11:36 of 3rd period - Beck Malenstyn is hit by Matvei Michkov.
12:37 of 3rd period - Rasmus Sandin is hit by Nino Niederreiter and loses puck.
12:42 of 3rd period - Snap shot by Alexis Lafreniere.
12:42 of 3rd period - Shot Misses the Net.
13:19 of 3rd period - Minor Penalty to Jake Neighbours for Slashing.
13:20 of 3rd period - Adam Lowry wins face-off versus Vladimir Tarasenko in Boston Bruins zone.
13:26 of 3rd period - Snap shot by Alexander Kerfoot.
13:26 of 3rd period - Stopped by Leevi Merilainen without a rebound.
13:27 of 3rd period - Adam Lowry wins face-off versus Vladimir Tarasenko in Boston Bruins zone.
13:34 of 3rd period - Snap shot by Alexander Kerfoot.
13:34 of 3rd period - Goal by Alexander Kerfoot - Boston Bruins : 2 - Winnipeg Jets : 2.
13:35 of 3rd period - Ryan Strome wins face-off versus Mikael Backlund in neutral zone.
13:42 of 3rd period - Wrist shot by Maxim Tsyplakov.
13:42 of 3rd period - Stopped by Dustin Wolf without a rebound.
13:43 of 3rd period - Ryan Strome wins face-off versus Mikael Backlund in Winnipeg Jets zone.
13:57 of 3rd period - Wrist shot by Mikael Backlund.
13:57 of 3rd period - Deflect By Jason Zucker.
13:57 of 3rd period - Shot Misses the Net.
13:57 of 3rd period - Puck is out of play.
13:58 of 3rd period - Adam Lowry wins face-off versus Jaden Schwartz in Boston Bruins zone.
14:28 of 3rd period - Slapshot by Jason Zucker.
14:28 of 3rd period - Shot Misses the Net.
16:14 of 3rd period - Urho Vaakanainen is hit by Oliver Ekman-Larsson and loses puck.
16:24 of 3rd period - Minor Penalty to Taylor Hall for Roughing.
16:25 of 3rd period - Jaden Schwartz wins face-off versus Adam Lowry in Winnipeg Jets zone.
18:18 of 3rd period - Adam Lowry is hit by Ryan Strome and loses puck.
18:24 of 3rd period - Penalty to Taylor Hall is over, Taylor Hall is back on ice.
Goals for this period are 0 for Boston Bruins vs 1 for Winnipeg Jets.
Shots for this period are 6 for Boston Bruins vs 11 for Winnipeg Jets.
Overtime #1
0:01 of 1st overtime period - Mikael Backlund wins face-off versus Joel Farabee in neutral zone.
1:29 of 1st overtime period - Icing by Alex Laferriere.
1:30 of 1st overtime period - Adam Lowry wins face-off versus Alex Laferriere in Boston Bruins zone.
4:08 of 1st overtime period - Snap shot by Matvei Michkov.
4:08 of 1st overtime period - Deflect By Alexis Lafreniere.
4:08 of 1st overtime period - Shot Blocked by John Marino.
4:08 of 1st overtime period - Puck is out of play.
4:09 of 1st overtime period - Ryan Strome wins face-off versus Matvei Michkov in Boston Bruins zone.
4:16 of 1st overtime period - Wrist shot by Matvei Michkov.
4:16 of 1st overtime period - Shot Misses the Net.
Goals for this period are 0 for Boston Bruins vs 0 for Winnipeg Jets.
Shots for this period are 0 for Boston Bruins vs 0 for Winnipeg Jets.
ShootOut
5:00 of 1st overtime period - Round #1.
5:00 of 1st overtime period - Boston Bruins, Viktor Arvidsson.
5:00 of 1st overtime period - Wrist shot by Viktor Arvidsson.
5:00 of 1st overtime period - Goal by Viktor Arvidsson.
5:00 of 1st overtime period - Winnipeg Jets, Mikael Backlund.
5:00 of 1st overtime period - Snap shot by Mikael Backlund.
5:00 of 1st overtime period - Stopped by Leevi Merilainen.
5:00 of 1st overtime period - Round #2.
5:00 of 1st overtime period - Boston Bruins, Jake Neighbours.
5:00 of 1st overtime period - Backhand shot by Jake Neighbours.
5:00 of 1st overtime period - Shot Misses the Net.
5:00 of 1st overtime period - Winnipeg Jets, Jason Zucker.
5:00 of 1st overtime period - Snap shot by Jason Zucker.
5:00 of 1st overtime period - Goal by Jason Zucker.
5:00 of 1st overtime period - Round #3.
5:00 of 1st overtime period - Boston Bruins, Alex Laferriere.
5:00 of 1st overtime period - Deke by Alex Laferriere.
5:00 of 1st overtime period - Goal by Alex Laferriere.
5:00 of 1st overtime period - Winnipeg Jets, Adam Lowry.
5:00 of 1st overtime period - Deke by Adam Lowry.
5:00 of 1st overtime period - Shot Misses the Net.
Back to the Top